 Dungeon Crawl Stone Soup version 0.23.2-33-g5129a83184 (webtiles) character file.

Game seed: 11816229069801554370

56 Iskender the Sneak (level 3, 17/17 HPs)
             Began as a Felid Chaos Knight on July 6, 2019.
             Was a Plaything of Xom.
             Quit the game on level 3 of the Dungeon.
             The game lasted 00:16:29 (3302 turns).

Iskender the Sneak (Felid Chaos Knight)             Turns: 3302, Time: 00:16:29

Health: 17/17      AC:  1    Str:  8    XL:     3   Next: 69%
Magic:  4/4        EV: 18    Int: 14    God:    Xom [......]
Gold:   134        SH:  0    Dex: 15    Spells: 2/2 levels left
                                        Lives:  0   Deaths: 1

rFire    . . .     SeeInvis +     - Unarmed
rCold    . . .     Gourm    .   (shield unavailable)
rNeg     . . .     Faith    .   (armour unavailable)
rPois    .         Spirit   .   (helmet unavailable)
rElec    .         Reflect  .   (cloak unavailable)
rCorr    .         Harm     .   (gloves unavailable)
MR       .....                  (boots unavailable)
Stlth    ++++......             (no amulet)
HPRegen  0.05/turn              (no ring)
MPRegen  0.09/turn              (no ring)

@: quick
A: very small, no armour, no weapons or thrown items, stealth, claws 1, fangs 3,
see invisible, carnivore, speed 1, shaggy fur 1, slow metabolism 1, sharp paws
a: Renounce Religion


You were on level 3 of the Dungeon.
You worshipped Xom.
You were a very special plaything of Xom.
You were not hungry.

You visited 1 branch of the dungeon, and saw 4 of its levels.

You collected 134 gold pieces.

Inventory:

Missiles
 i - 37 arrows
Scrolls
 b - a scroll of teleportation
 e - a scroll of fear {unknown}
 f - 2 scrolls of identify
 g - 2 scrolls of magic mapping
 h - 2 scrolls of remove curse
 j - a scroll of enchant armour {unknown}
 k - a scroll of random uselessness {unknown}
 l - a scroll of amnesia
Comestibles
 a - 4 rations


   Skills:
 - Level 3.0 Fighting
 - Level 3.2 Dodging
 + Level 6.4 Stealth
 - Level 3.0 Unarmed Combat


You had 2 spell levels left.
You didn't know any spells.
Your spell library was empty.

Dungeon Overview and Level Annotations

Branches:
Dungeon (4/15)
 Temple: D:4-7

Altars:
Kikubaaqudgha
Qazlal
Xom
Zin


Innate Abilities, Weirdness & Mutations

You cannot wear armour.
You are incapable of wielding weapons or throwing items.
Your paws allow you to move quietly. (Stealth)
You have sharp claws.
You have razor-sharp teeth.
You have supernaturally acute eyesight. (SInv)
You are carnivorous and can eat meat at any time.
You cover ground quickly.
You are covered in fur. (AC +1)
You have a slow metabolism.
Your sharp claws are effective at attacking unaware monsters.


Message History

The orc wizard hits you with a +0 dagger.
* * * LOW HITPOINT WARNING * * *
You closely miss the orc wizard.
The orc wizard is almost dead.
The orc wizard completely misses you.
You closely miss the orc wizard.
The orc wizard is severely wounded.
The orc wizard points at you and mumbles some strange words.
You feel yourself slow down. The orc wizard closely misses you.
You barely miss the orc wizard.
The orc wizard is severely wounded.
The orc wizard casts a spell at you. The magic dart hits you.
You die...
The orc wizard misses you.
You are now level 3!
Xom thinks this is hilarious!
You rejoin the land of the living...
Are you sure you want to abandon this character and quit the game? (Confirm with "yes".)

#.....#########.#.
#.##............#.
#.##..#######.#...
#.##.............#
#....##.#.##.##...
##########.#.##.##...
#..........#.##......
#.##########.##......
#.##@........#####...
#รท##.##<####.# #.#.
#....#..#.##.#####...
#######.#............
#.#.########### #...#
#####


There were no monsters in sight!

Vanquished Creatures
  2 gnolls
  2 adders (D:2)
  3 oozes (D:1)
  A worm (D:1)
  A dart slug (D:2)
  A leopard gecko (D:1)
  3 orcs
  6 giant cockroaches
  8 goblins
  A hobgoblin (D:1)
  A jackal (D:1)
  2 quokkas
  A ball python (D:2)
  3 bats
  5 frilled lizards
  7 kobolds
  13 rats
60 creatures vanquished.

Notes
Turn   | Place    | Note
-------+----------+-------------------------------------------
     0 | D:1      | Iskender the Felid Chaos Knight began the quest for the
                  | Orb.
     0 | D:1      | Reached XP level 1. HP: 10/10 MP: 2/2
     1 | D:1      | Found a runed translucent door.
    99 | D:1      | Reached skill level 1 in Stealth
   200 | D:1      | Reached skill level 2 in Stealth
   403 | D:1      | Reached XP level 2. HP: 14/14 MP: 3/3
   551 | D:1      | Reached skill level 3 in Stealth
   785 | D:1      | XOM: divination: detect creatures
   799 | D:1      | XOM: divination: detect items
   951 | D:1      | XOM: divination: detect creatures
   981 | D:1      | Reached skill level 4 in Stealth
   981 | D:1      | Reached XP level 3. HP: 11/17 MP: 4/4
  1078 | D:1      | XOM: butterfly on damage
  1284 | D:1      | XOM: harmless Summ miscast
  1307 | D:1      | XOM is BORED!
  1307 | D:1      | XOM: harmless Tmut miscast
  1462 | D:2      | Found a glowing silver altar of Zin.
  1509 | D:2      | Found an ancient bone altar of Kikubaaqudgha.
  1683 | D:2      | Reached skill level 5 in Stealth
  1695 | D:2      | XOM: 2-stop teleportation journey
  1955 | D:2      | Found a stormy altar of Qazlal.
  2153 | D:2      | Reached XP level 4. HP: 21/21 MP: 5/5
  2183 | D:2      | XOM: divination: magic mapping
  2652 | D:3      | XOM: scenery: create altars
  2766 | D:3      | XOM: divination: detect items
  2883 | D:3      | Reached skill level 6 in Stealth
  3047 | D:2      | XOM: smoke on damage
  3110 | D:3      | XOM: 1-stop teleportation journey
  3162 | D:4      | Noticed an ogre
  3298 | D:3      | HP: 1/21 [orc wizard/+0 dagger (3)]
  3301 | D:3      | Killed from afar by an orc wizard
  3302 | D:3      | Reached XP level 3. HP: -4/17 MP: 4/4
  3302 | D:3      | Quit the game

Skill      XL: |  1  2  3  4 |
---------------+-------------+-----
Stealth        | 2 4 5 6 |  6.4
Fighting       | |  3.0
Dodging        | |  3.2
Unarmed Combat | |  3.0

Action                   |  1- 3 |  4- 6 || total
-------------------------+-------+-------++-------
Melee: Unarmed           |   111 |    65 ||   176
       Bite              |     9 |     3 ||    12
       Punch             |       |     2 ||     2
  Use: Scroll            |     1 |     3 ||     4
       Potion            |       |     3 ||     3
 Stab: Sleeping          |    12 |    11 ||    23
  Eat: Chunk             |     8 |     3 ||    11
Armor: Skin              |     1 |     4 ||     5
Dodge: Dodged            |    57 |    54 ||   111
